 Dungeon Crawl Stone Soup version 0.31-a0-750-gfe7b580527 (webtiles) character file.

Game seed: 11525524005508432051

798 GigaChad the Chopper (level 8, -2/61 HPs)
             Began as a Formicid Fighter on Sept 14, 2023.
             Slain by a killer bee (3 damage)
             ... on level 5 of the Dungeon.
             The game lasted 00:04:06 (3086 turns).

GigaChad the Chopper (Formicid Fighter)             Turns: 3086, Time: 00:04:06

Health: -2/61      AC: 11    Str: 23    XL:     8   Next: 13%
Magic:  8/8        EV:  8    Int:  8    God:
Gold:   175        SH: 10    Dex: 13    Spells: 7/7 levels left

rFire   . . .        a - +1 war axe (chaos)
rCold   . . .        c - +0 buckler
rNeg    . . .        t - +0 chain mail
rPois   .            (helmet unavailable)
rElec   .            f - +0 cloak
rCorr   .            (no gloves)
SInv    +            (no boots)
Will    .....        e - amulet of reflection Stlth
                     (no ring)
HPRegen 0.30/turn    (no ring)
MPRegen 0.11/turn

%: reflection
@: lethally poisoned (-2 -> -2)
A: permanent stasis, dig shafts and tunnels, antennae 3, four strong arms
a: Dig, Shaft Self


You were on level 5 of the Dungeon.
You visited 1 branch of the dungeon, and saw 5 of its levels.

You collected 175 gold pieces.

Inventory:

Hand Weapons
 a - a +1 war axe of chaos (weapon)
Missiles
 p - 2 throwing nets
Armour
 b - a +1 scale mail
 c - a +0 buckler (worn)
 f - a +0 cloak (worn)
 t - a +0 chain mail (worn)
Jewellery
 e - an amulet of reflection (around neck)
Talismans
 m - a flux talisman
 q - a flux talisman
Scrolls
 h - 3 scrolls of amnesia
 l - a scroll of fear
 n - 3 scrolls of identify
Potions
 d - a potion of might
 g - a potion of mutation {unknown}
 i - 2 potions of heal wounds {unknown}
 j - 2 potions of cancellation {unknown}
 k - 2 potions of haste {unknown}
 o - 2 potions of lignification {unknown}
 r - a potion of ambrosia {unknown}
 s - a potion of enlightenment {unknown}


   Skills:
 * Level 4.9 Fighting
 * Level 6.1 Axes
 * Level 5.3 Armour
 * Level 6.1 Shields


You had 7 spell levels left.
You didn't know any spells.
Your spell library was empty.

Dungeon Overview and Level Annotations

Branches:
Dungeon (5/15)
 Temple: D:4-7

Altars:
Qazlal

Shops:
D:2 *


Innate Abilities, Weirdness & Mutations

You cannot be hasted, slowed, berserked, paralysed or teleported.
You can dig through walls and to a lower floor.
You have a pair of large antennae on your head. (SInv)
Your four strong arms can wield two-handed weapons with a shield.


Message History

You are too injured to fight recklessly!
Unknown command.
You are too injured to fight recklessly!
Unknown command.
Unknown command.
You are too injured to fight recklessly!
Unknown command.
You are too injured to fight recklessly!
You miss the killer bee.
The killer bee is almost dead.
You completely miss the killer bee. You slash the killer bee!
You kill the killer bee!
You barely miss the killer bee. You slash the killer bee!
You kill the killer bee!
The killer bee closely misses you. You block the killer bee's attack.
The killer bee stings you but does no damage.
The killer bee closely misses you. You block the killer bee's attack. x2
The killer bee stings you.
* * * LOW HITPOINT WARNING * * *
You are poisoned.
The killer bee poisons you! The killer bee closely misses you.
The killer bee stings you but does no damage.
Your Axes skill increases to level 6!
You feel sick. You block the killer bee's attack.
The killer bee stings you but does no damage.
The killer bee barely misses you. You block the killer bee's attack.
The killer bee closely misses you. The killer bee stings you.
* * * LOW HITPOINT WARNING * * *
Unknown command.
You slash the killer bee!
The killer bee goes berserk!
The killer bee is severely wounded.
You slash the killer bee! You burn the killer bee.
You kill the killer bee!
You miss the killer bee. You hit the iguana.
The iguana seems to slow down.
You freeze the iguana.
You feel sick. The killer bee stings you!
* * * LOW HITPOINT WARNING * * *
You block the killer bee's attack.
The killer bee stings you but does no damage.
The killer bee stings you.
You die...

......##.....<..# ....
.................## ,....
................... #..#
.........# #......###...#
.........###.......#....##.
........# #........))?.....
........# ##.....!..)......
>.......###.....y..........
.........###...l@.....#....
...........#.....y#...# ...
....#.##..........##..... .
...######.....###.........
...{ #..##...##).......? ..
#..##.............? ..
#.####.#.....w..... #.#
#.......... .<. ...........


You could see an iguana (slow), 2 killer bees and a dart slug.

Vanquished Creatures
  A kobold brigand (D:4)
  A scorpion (D:3)
  3 killer bees (D:5)
  2 howler monkeys (D:5)
  2 orc priests (D:5)
  2 jellies
  An orc wizard (D:5)
  Natasha (thrice) (D:4)
  An iguana (D:4)
  4 gnolls (D:4)
  13 adders
  A worm (D:4)
  6 dart slugs
  4 orcs
  6 bats
  3 endoplasms (D:1)
  3 giant cockroaches
  4 goblins
  7 hobgoblins
  6 jackals
  4 quokkas
  8 ball pythons
  4 frilled lizards
  23 kobolds
  3 rats
115 creatures vanquished.

Vanquished Creatures (others)
  A kobold (D:4)
1 creature vanquished.

Grand Total: 116 creatures vanquished

Notes
Turn   | Place    | Note
-------+----------+-------------------------------------------
     0 | D:1      | GigaChad the Formicid Fighter began the quest for the Orb.
     0 | D:1      | Reached XP level 1. HP: 18/18 MP: 1/1
    82 | D:1      | Reached XP level 2. HP: 24/24 MP: 2/2
   133 | D:1      | Reached XP level 3. HP: 22/29 MP: 3/3
   707 | D:2      | Found Suosk's General Store.
   786 | D:2      | Reached XP level 4. HP: 28/37 MP: 4/4
  1061 | D:2      | Found a faded altar of an unknown god.
  1199 | D:3      | Reached XP level 5. HP: 39/42 MP: 5/5
  1243 | D:3      | Found a stormy altar of Qazlal.
  1414 | D:3      | Reached skill level 5 in Shields
  1414 | D:3      | Reached XP level 6. HP: 34/48 MP: 6/6
  1667 | D:3      | Identified the +1 spear of Otaakh {antimagic, rPois Dex+4}
  1922 | D:4      | Noticed Natasha
  1934 | D:4      | Killed Natasha
  2308 | D:4      | Noticed Natasha
  2319 | D:4      | HP: 2/48 [kobold brigand/+0 dagger (6)]
  2321 | D:4      | Reached XP level 7. HP: 3/55 MP: 7/7
  2321 | D:4      | Killed Natasha
  2322 | D:4      | Reached skill level 5 in Axes
  2665 | D:4      | Noticed Natasha
  2673 | D:4      | Killed Natasha
  3022 | D:5      | Entered Level 5 of the Dungeon
  3066 | D:5      | Reached skill level 5 in Armour
  3071 | D:5      | Reached XP level 8. HP: 46/61 MP: 8/8
  3086 | D:5      | HP: 1/61 [killer bee (8)]
  3086 | D:5      | Slain by a killer bee

Illustrated notes

Levels and vault maps discovered:
D:1:      nzn_arrival_water_spiral, layout_basic
D:2:      layout_basic, serial_shops, shop,
          hellmonk_ecumenical_altar_prayer_group
D:3:      layout_basic, lemuel_doored_altar
D:4:      kennysheep_kobold_camp, layout_gridville, uniq_natasha
D:5:      layout_cave_pools

Skill      XL: |  1  2  3  4  5  6  7  8 |
---------------+-------------------------+-----
Axes           | 3 4 5 6 |  6.1
Armour         | 4 5 |  5.3
Fighting       | 4 |  4.9
Shields        | 5 6 |  6.1

Action                     |  1- 3 |  4- 6 |  7- 9 || total
---------------------------+-------+-------+-------++-------
  Melee: War axe           |    83 |   131 |    49 ||   263
    Use: Scroll            |     3 |     6 |     1 ||    10
   Stab: Petrifying        |       |       |     1 ||     1
 Armour: Scale mail        |    64 |    99 |    15 ||   178
         Chain mail        |       |       |    30 ||    30
  Dodge: Dodged            |    37 |    38 |    29 ||   104
  Block: Buckler           |    25 |    79 |    38 ||   142
         Reflection        |       |    10 |     1 ||    11

Table legend: (Time is in decaauts)
 A = Elapsed time spent in this place.
 B = Non-inter-level travel time spent in this place.
 C = Inter-level travel time spent in this place.
 D = Time resting spent in this place.
 E = Time spent auto-exploring this place.
 F = Levels seen in this place.
 G = Mean time per level.
                   A        B        C        D        E       F      G
               +--------+--------+--------+--------+--------+-----+--------+
         Total |   3174 |   3110 |     64 |     96 |   2309 |   5 |  634.8 |
       Dungeon |   3174 |   3110 |     64 |     96 |   2309 |   5 |  634.8 |
               +--------+--------+--------+--------+--------+-----+--------+

Top non-repeatable levels by time:
     D:4: 1238 daAuts
     D:1: 725 daAuts
     D:3: 638 daAuts
     D:2: 504 daAuts
     D:5: 68 daAuts
